 Dungeon Crawl Stone Soup version 0.21.1-1-g345015f (webtiles) character file.

149 Mirai the Skirmisher (level 5, -6/42 HPs)
             Began as a Demonspawn Fighter on Mar 11, 2018.
             Killed from afar by Natasha (9 damage)
             ... with a wand of flame (24)
             ... on level 2 of the Dungeon.
             The game lasted 00:03:03 (1500 turns).

Mirai the Skirmisher (Demonspawn Fighter)           Turns: 1500, Time: 00:03:03

Health: -6/42      AC: 10    Str: 17    XL:     5   Next: 9%
Magic:  5/5        EV:  7    Int: 10    God:
Gold:   87         SH:  8    Dex: 12    Spells: 4/4 levels left

rFire    . . .     SeeInvis +   a - +0 war axe
rCold    . . .     Gourm    .   c - +0 shield
rNeg     . . .     Faith    .   b - +0 scale mail
rPois    .         Spirit   .   (no helmet)
rElec    .         Reflect  .   (no cloak)
rCorr    .         Harm     +   (no gloves)
MR       .....                  q - +0 pair of boots
Stlth    ..........             i - amulet of harm
HPRegen  0.14/turn              j - ring of see invisible
MPRegen  0.09/turn              (no ring)

@: slowed, very slow
A: yellow scales 1, spiny 1
a: no special abilities


You were on level 2 of the Dungeon.
You were not hungry.

You visited 1 branch of the dungeon, and saw 2 of its levels.

You collected 87 gold pieces.

Inventory:

Hand Weapons
 a - a +0 war axe (weapon)
Armour
 b - a +0 scale mail (worn)
 c - a +0 shield (worn)
 d - a +0 helmet
 q - a +0 pair of boots (worn)
 s - a +0 helmet
Jewellery
 i - an amulet of harm (around neck)
 j - a ring of see invisible (left hand)
Scrolls
 h - a scroll of magic mapping {unknown}
 m - a scroll of remove curse {unknown}
 n - a scroll of noise {unknown}
 p - 2 scrolls of blinking {unknown}
Potions
 e - 3 potions of curing {unknown}
 k - a potion of invisibility {unknown}
 l - a potion of berserk rage {unknown}
 o - a potion of degeneration {unknown}
 r - a potion of mutation {unknown}
Comestibles
 f - 7 rations
 g - 3 chunks of flesh


   Skills:
 + Level 3.9 Fighting
 + Level 3.5 Axes
 + Level 3.3 Armour
 + Level 0.7 Dodging
 - Level 2.6 Shields


You had 4 spell levels left.
You didn't know any spells.

Dungeon Overview and Level Annotations

Branches:
Dungeon (2/15)

Altars:
Gozag
Kikubaaqudgha
Makhleb

Annotations:
D:2 Natasha


Innate Abilities, Weirdness & Mutations

You are partially covered in yellow scales. (AC +2)
You are partially covered in sharp spines.


Message History

Found a helmet.
You feel sick.
You are no longer poisoned.
Found a fizzy emerald potion.
You feel yourself speed up.
You see here a helmet.
s - a helmet Wear which item? (? for menu, Esc to quit)
You start removing your armour.
You continue taking off your +0 helmet. x2
Keep disrobing?
You continue taking off your +0 helmet. x2
Natasha zaps a wand.
The puff of flame hits you!
* * * LOW HITPOINT WARNING * * *
It is a wand of flame (24).
You finish taking off your +0 helmet.
Natasha stares at you and mumbles some strange words.
You feel yourself slow down.
Okay, then.
You closely miss Natasha.
Natasha zaps a wand.
The puff of flame hits you!
You die...

......####..................
...........######.......####
...........# #.......#
#####......# #.......#
...........# #.......#
...........# #.......#
...........# #.......#
.....##'#########h......#
.....##.รท.......@.!.....
.....##.................
....###.................
....# #.#...............
....# #.#........#######
....# #.#........# ....#
#.#........# #####
#.#........# #........#


You could see Natasha.

Vanquished Creatures
  Natasha (D:2)
  Robin (D:2)
  4 adders (D:2)
  An ooze (D:2)
  2 worms (D:2)
  2 dart slugs
  20 goblins
  10 hobgoblins
  6 kobolds
  2 ball pythons (D:1)
  4 bats
  3 frilled lizards
  6 rats
62 creatures vanquished.

Notes
Turn   | Place    | Note
-------+----------+-------------------------------------------
     0 | D:1      | Mirai the Demonspawn Fighter began the quest for the Orb.
     0 | D:1      | Reached XP level 1. HP: 18/18 MP: 1/1
    62 | D:1      | Gained mutation: You are partially covered in sharp spines. [demonic ancestry]
    62 | D:1      | Reached XP level 2. HP: 13/24 MP: 2/2
   776 | D:1      | Reached XP level 3. HP: 28/29 MP: 3/3
   859 | D:2      | Noticed Robin
   870 | D:2      | Killed Robin
   938 | D:2      | Found an opulent altar of Gozag.
   938 | D:2      | Found an ancient bone altar of Kikubaaqudgha.
   980 | D:2      | Found a burning altar of Makhleb.
  1034 | D:2      | Reached XP level 4. HP: 37/37 MP: 4/4
  1472 | D:2      | Noticed Natasha
  1479 | D:2      | Killed Natasha
  1479 | D:2      | Gained mutation: You are partially covered in yellow scales. (AC +2) [demonic ancestry]
  1479 | D:2      | Reached XP level 5. HP: 14/42 MP: 5/5
  1495 | D:2      | Noticed Natasha
  1496 | D:2      | HP: 2/42 [Natasha/wand of flame (25) (13)]
  1500 | D:2      | Killed from afar by Natasha

Skill      XL: |  1  2  3  4 |
---------------+-------------+-----
Armour         | 3 |  3.3
Axes           | 2 3 |  3.5
Fighting       | |  3.9
Dodging        | |  0.7
Shields        | |  2.6

Action                   |  1- 3 |  4- 6 || total
-------------------------+-------+-------++-------
Melee: War axe           |    83 |    29 ||   112
  Use: Potion            |     1 |       ||     1
  Eat: Chunk             |     1 |     1 ||     2
Armor: Scale mail        |    27 |    14 ||    41
Dodge: Dodged            |    20 |    10 ||    30
Block: Shield            |    39 |    17 ||    56
